 Dungeon Crawl Stone Soup version 0.26.1 (webtiles) character file.

Game seed: 10990478971674120821

11343 growler the Zephyrmancer (level 11, -1/67 HPs)
             Began as a Tengu Air Elementalist on Feb 5, 2021.
             Was a High Priest of Okawaru.
             Killed from afar by a lindwurm (36 damage)
             ... with a blast of flame
             ... on level 11 of the Dungeon.
             The game lasted 00:42:17 (14557 turns).

growler the Zephyrmancer (Tengu Air Elementalist)  Turns: 14557, Time: 00:42:17

Health: -1/67      AC: 12    Str:  9    XL:     11   Next: 76%
Magic:  1/19       EV: 17    Int: 19    God:    Okawaru [*****.]
Gold:   489        SH:  0    Dex: 14    Spells: 5/20 levels left

rFire    . . .     SeeInvis .   D - +2 long sword
rCold    . . .     Faith    .   (no shield)
rNeg     . . .     Spirit   .   w - +0 swamp dragon scales
rPois    +         Reflect  .   (helmet restricted)
rElec    .         Harm     .   E - +0 cloak
rCorr    .         Rampage  .   (no gloves)
Will     .....                  (boots unavailable)
Stlth    ++........             e - amulet of magic regeneration
HPRegen  0.21/turn              j - ring of stealth
MPRegen  0.41/turn              O - +4 ring of protection

@: flying quickly and evasively, quick
A: beak, talons 3, able to fly
a: Stop Flying, Renounce Religion, Heroism, Finesse


You were on level 11 of the Dungeon.
You worshipped Okawaru.
Okawaru was extremely pleased with you.
You visited 2 branches of the dungeon, and saw 12 of its levels.
You also visited: Ossuary.

You collected 601 gold pieces.
You spent 112 gold pieces at shops.

Inventory:

Hand Weapons
 b - a +0 dagger
   (You took it off a kobold on level 1 of the Dungeon)
 v - a +1 vorpal flail
   (You took it off an orc on level 5 of the Dungeon)
 D - a +2 long sword (weapon)
   (You took it off a wight on level 7 of the Dungeon)
Missiles
 f - 50 poisoned darts
Armour
 a - a +0 robe
 w - +0 swamp dragon scales (worn)
   (You found it on level 5 of the Dungeon)
 y - a +1 kite shield
   (You bought it in a shop on level 7 of the Dungeon)
 E - a +0 cloak (worn)
   (You took it off Crazy Yiuf on level 7 of the Dungeon)
 J - the +1 robe of Boiling Hail {*Drain rPois rCorr Slay+6 SInv, unknown}
   (You found it on level 9 of the Dungeon)

   It affects your accuracy and damage with ranged weapons and melee attacks
   (+6).
   It protects you from poison.
   It lets you see invisible.
   It provides partial protection from all sources of acid and corrosion.
   It causes draining when unequipped.
Magical Staves
 N - an uncursed staff of conjuration {!a}
   (You found it on level 11 of the Dungeon)
Jewellery
 e - an amulet of magic regeneration (around neck)
   (You found it on level 2 of the Dungeon)
 j - a ring of stealth (left hand)
   (You found it on level 1 of the Dungeon)
 K - an uncursed amulet of faith {unknown}
   (You found it on level 10 of the Dungeon)
 O - a +4 ring of protection (right hand)
   (You found it on level 5 of the Dungeon)
Wands
 c - a wand of disintegration (15)
   (You took it off a big kobold on level 8 of the Dungeon)
 d - a wand of iceblast (16)
   (You found it on level 4 of the Dungeon)
 s - a wand of polymorph (5)
   (You took it off Natasha on level 4 of the Dungeon)
 t - a wand of flame (32)
   (You took it off Psyche on level 9 of the Dungeon)
 u - a wand of paralysis (7)
   (You took it off a big kobold on level 11 of the Dungeon)
Scrolls
 h - 3 scrolls of blinking
 m - 2 scrolls of enchant weapon
 o - 3 scrolls of remove curse {@r2}
 p - 3 scrolls of teleportation {@r4}
 r - 2 scrolls of enchant armour
 x - 4 scrolls of identify {@r1}
 B - a scroll of immolation {unknown}
 C - a scroll of amnesia
 L - a scroll of magic mapping {unknown}
 M - 2 scrolls of fear {unknown}
 P - a scroll of silence {unknown}
 Q - a scroll of summoning {unknown}
Potions
 g - 3 potions of brilliance
 i - 2 potions of berserk rage
 k - 3 potions of curing {@q1}
 l - 2 potions of cancellation {unknown}
 n - 5 potions of lignification {!q}
 q - 4 potions of might
 z - a potion of resistance {unknown}
 A - a potion of invisibility {unknown}
 F - 4 potions of heal wounds {@q2}
 G - a potion of mutation {unknown}
 H - 3 potions of flight
 I - 2 potions of haste {unknown}


   Skills:
 + Level 7.3 Fighting
 + Level 8.3 Dodging
 - Level 2.0 Stealth
 + Level 6.6 Shields
 - Level 5.0 Spellcasting
 - Level 7.0 Conjurations
 - Level 12.0 Air Magic
 + Level 6.6 Invocations


You had 5 spell levels left.
You knew the following spells:

 Your Spells              Type           Power        Failure   Level
a - Shock                 Conj/Air       100%         1%          1
b - Airstrike             Air            25%          2%          4
c - Lightning Bolt        Conj/Air       20%          19%         5
d - Static Discharge      Conj/Air       40%          1%          3
s - Swiftness             Air            50%          1%          2

Your spell library contained the following spells:

 Spells                   Type           Power        Failure   Level
 Animate Skeleton         Necr           8%           34%         1
 Apportation              Tloc           8%           34%         1
 Beastly Appendage        Tmut           8%           34%         1
 Pain                     Necr           16%          34%         1
 Wereblood                Tmut           4%           45%         2
 Lesser Beckoning         Tloc           2%           71%         3
 Spider Form              Tmut/Pois      2%           71%         3
 Tukima's Dance           Hex            4%           71%         3
 Vampiric Draining        Necr           2%           71%         3
 Animate Dead             Necr           2%           98%         4
 Ice Form                 Ice/Tmut       4%           98%         4
 Agony                    Necr           4%           100%        5
 Alistair's Intoxication  Tmut/Pois      2%           100%        5
 Blade Hands              Tmut           2%           100%        5
 Invisibility             Hex            4%           100%        6


Dungeon Overview and Level Annotations

Branches:
Dungeon (11/15)            Temple (1/1) D:4            Lair (0/6) D:9
    Orc (0/2) D:10        Ossuary (visited)

Altars:
Ashenzari
Cheibriados
Dithmenos
Elyvilon
Fedhas
Gozag
Hepliaklqana
Kikubaaqudgha
Makhleb
Nemelex Xobeh
Okawaru
Ru
Sif Muna
Trog
Uskayaw
Vehumet
Wu Jian
Xom
Yredelemnul
Zin
The Shining One

Shops:
D:4 :   D:5 :   D:7 [   D:8 }*

Annotations:
D:8 3 runed translucent doors, Hehehe's ghost, novice DDFi
D:9 1 runed translucent door, kaeus's ghost, novice OpMo


Innate Abilities, Weirdness & Mutations

You have a beak for a mouth.
You have claws for feet.
You can fly continuously.


Message History

Found a fuming puce potion.
A lindwurm comes into view.
A lindwurm is nearby!
Aim: a lindwurm (asleep)
The air twists around and strikes the lindwurm!
Aim: a lindwurm (lightly wounded)
The air twists around and strikes the lindwurm!
A lindwurm comes into view. x2
A lindwurm comes into view.
Aim: a lindwurm (black smoke, moderately wounded)
The air twists around and strikes the lindwurm!
The lindwurm roars!
The lindwurm breathes flames at you. The blast of flame hits you!
Aim: a lindwurm (black smoke, severely wounded)
The air twists around and strikes the lindwurm!
The lindwurm breathes flames at you. The blast of flame misses you.
The lindwurm breathes flames at you. The blast of flame hits you!!
Aim: a lindwurm (almost dead, catching its breath)
The air twists around and strikes the lindwurm!
You kill the lindwurm!
Okawaru is honoured by your kill.
The lindwurm roars!
Found 11 gold pieces.
You start resting.
You start resting.
You see here 19 gold pieces.
Aim: a lindwurm (wandering, hasn't noticed you)
The air twists around and strikes the lindwurm!
The lindwurm roars!
The lindwurm breathes flames at you. The blast of flame hits you!!
Aim: a lindwurm (moderately wounded, catching its breath)
The air twists around and strikes the lindwurm!
You hear a roar! x2
Aim: a lindwurm (heavily wounded, catching its breath)
The air twists around and strikes the lindwurm!
Aim: a lindwurm (severely wounded, catching its breath)
The air twists around and strikes the lindwurm!
Aim: a lindwurm (almost dead, catching its breath)
The air twists around and strikes the lindwurm!
You kill the lindwurm!
Okawaru is honoured by your kill.
The lindwurm roars!
The lindwurm breathes flames at you. The blast of flame hits you!!!
Ouch! That really hurt!
You die...

#....≈≈§§§§§≈§≈§§§...#
##...§≈≈§≈≈≈§≈≈≈§≈§...#
##...≈≈§≈≈≈≈§§§≈§≈§§§...
#....≈§≈§≈≈..§.§§≈≈≈§§..
##...≈≈§§§...##.§.§≈≈§≈..
#....≈≈§§≈†.## #..§≈§§§..
#....≈§§§..#.[k.#..≈≈≈≈..
#...§≈§§§.## ##.§§≈≈≈.
#...≈≈≈≈@.## #§≈§§≈≈.
#....≈≈≈≈$.# ..≈§§≈..
#.#..≈≈§≈§..#
#.#..≈≈≈≈≈.k.#
#.#...≈≈≈§§§.k.
#.....§§§≈≈≈§≈≈≈§
####...≈≈≈§§≈≈≈≈≈
#....$≈≈≈§≈≈≈§§ #
#......[≈≈≈≈§≈§ #


You could see 2 lindwurms.

Vanquished Creatures
  2 two-headed ogres
  2 lindwurms (D:11)
  A cyclops (D:11)
  Psyche (D:9)
  A gargoyle (D:9)
  2 trolls
  A hornet (D:9)
  8 yaks
  2 wyverns (D:8)
  Menkaure (D:4)
  4 ice beasts
  4 orc warriors
  A phantom (D:4)
  2 sky beasts (D:9)
  9 ogres
  4 wolves (D:9)
  2 necrophages
  A centaur (D:10)
  3 big kobolds
  A wyvern zombie (D:9)
  3 bullfrogs
  4 gnoll sergeants (D:10)
  8 scorpions
  3 troll zombies (D:7)
  7 killer bees (D:8)
  5 wights
  2 howler monkeys (D:11)
  4 electric eels
  A bullfrog zombie (D:8)
  4 human zombies (D:7)
  A centaur zombie (D:9)
  3 quasits
  3 orc priests
  7 hounds
  2 jellies
  Crazy Yiuf (D:7)
  A centaur skeleton (D:4)
  8 orc wizards
  A human skeleton (D:7)
  An iguana (D:9)
  Natasha (thrice) (D:4)
  12 worker ants
  An ogre zombie (D:7)
  3 mummies (Ossuary)
  Robin (D:3)
  2 gnolls (D:10)
  12 adders
  A shadow imp (D:5)
  4 white imps
  An ufetubus (D:6)
  4 oozes
  5 adder zombies
  2 worms
  3 leopard geckos
  35 orcs
  14 bats
  5 giant cockroaches
  2 gnoll zombies (Ossuary)
  17 goblins
  9 hobgoblins
  12 jackals
  15 kobolds
  7 quokkas
  4 ball pythons
  A ball python zombie (D:5)
  6 frilled lizards
  5 goblin zombies (Ossuary)
  3 hobgoblin zombies (Ossuary)
  A jackal skeleton (D:9)
  2 kobold zombies (Ossuary)
  A leopard gecko skeleton (D:7)
  3 quokka zombies
  4 rats
  2 rat zombies (Ossuary)
323 creatures vanquished.

Vanquished Creatures (others)
  12 fungi
  22 plants
34 creatures vanquished.

Grand Total: 357 creatures vanquished

Notes
Turn   | Place    | Note
-------+----------+-------------------------------------------
     0 | D:1      | growler the Tengu Air Elementalist began the quest for the
                  | Orb.
     0 | D:1      | Reached XP level 1. HP: 10/10 MP: 4/4
   236 | D:1      | Reached XP level 2. HP: 15/15 MP: 4/6
   239 | D:1      | Learned a level 2 spell: Swiftness
   559 | D:1      | Reached XP level 3. HP: 19/19 MP: 3/7
   976 | D:1      | Learned a level 3 spell: Static Discharge
  1561 | D:2      | Reached XP level 4. HP: 24/24 MP: 5/9
  1656 | D:2      | Reached skill level 5 in Air Magic
  2204 | D:3      | Gained mutation: You can fly continuously. [Tengu growth]
  2204 | D:3      | Reached XP level 5. HP: 28/28 MP: 6/10
  2350 | D:3      | Learned a level 4 spell: Airstrike
  2616 | D:3      | Noticed Robin
  2624 | D:3      | Killed Robin
  2868 | D:3      | Found a sacrificial altar of Ru.
  2967 | D:4      | Noticed Menkaure
  2971 | D:4      | Killed Menkaure
  2972 | D:4      | Reached skill level 6 in Air Magic
  2972 | D:4      | Reached XP level 6. HP: 17/32 MP: 6/12
  3383 | D:4      | Found a white marble altar of Elyvilon.
  3425 | D:4      | Noticed a phantom
  3439 | D:4      | Reached skill level 5 in Conjurations
  3452 | D:4      | Killed a phantom
  3453 | D:4      | Reached XP level 7. HP: 36/36 MP: 4/14
  3678 | D:4      | Noticed Natasha
  3691 | D:4      | Killed Natasha
  3780 | D:4      | Found Uxtajan's Book Shop.
  3828 | D:4      | Found a shimmering altar of Xom.
  3828 | D:4      | Found a shimmering altar of Xom.
  3828 | D:4      | Found a shimmering altar of Xom.
  3829 | D:4      | Found a shimmering altar of Xom.
  3829 | D:4      | Found a shimmering altar of Xom.
  3911 | D:4      | Reached skill level 7 in Air Magic
  3959 | D:4      | Noticed Natasha
  4045 | D:4      | Killed Natasha
  4169 | D:4      | Noticed Natasha
  4171 | D:4      | Killed Natasha
  4233 | D:4      | Reached XP level 8. HP: 41/41 MP: 4/16
  4337 | D:4      | Reached skill level 5 in Spellcasting
  4343 | D:4      | Learned a level 5 spell: Lightning Bolt
  4660 | D:4      | Reached skill level 8 in Air Magic
  4788 | D:4      | Found a staircase to the Ecumenical Temple.
  4918 | Temple   | Entered the Ecumenical Temple
  5078 | Temple   | Became a worshipper of Warmaster Okawaru
  5207 | D:5      | Entered Level 5 of the Dungeon
  5557 | D:5      | Reached skill level 1 in Fighting
  5562 | D:5      | Reached skill level 9 in Air Magic
  5562 | D:5      | Reached skill level 1 in Invocations
  5869 | D:5      | Found Olimiet's Book Emporium.
  5980 | D:5      | Found a sparkling altar of Nemelex Xobeh.
  6365 | D:5      | Found an ancient bone altar of Kikubaaqudgha.
  6378 | D:5      | Found a shimmering blue altar of Sif Muna.
  6380 | D:5      | Found a radiant altar of Vehumet.
  6382 | D:5      | Identified Kikubaaqudgha's Incunabulum of Darkness
  6917 | D:6      | Reached * piety under Okawaru
  6918 | D:6      | Reached XP level 9. HP: 47/49 MP: 9/17
  6968 | D:6      | Found a hazy altar of Hepliaklqana.
  7133 | D:7      | Found Giag's Antique Armour Shoppe.
  7136 | D:7      | Bought a kite shield for 112 gold pieces
  7209 | D:7      | Found a hide-covered altar of Uskayaw.
  7348 | D:7      | Found a sand-covered staircase.
  7380 | Ossuary  | Entered an ossuary
  7661 | D:7      | Found a broken altar of Ashenzari.
  7890 | D:7      | Found a runed translucent door.
  7891 | D:7      | Noticed Crazy Yiuf
  8013 | D:7      | Reached skill level 1 in Shields
  8637 | D:7      | Found a basalt altar of Yredelemnul.
  8672 | D:7      | Reached skill level 10 in Air Magic
  8932 | D:7      | Killed Crazy Yiuf
  8991 | D:8      | Found Feuhamo's Gadget Shoppe.
  9145 | D:8      | Reached ** piety under Okawaru
  9146 | D:8      | Reached skill level 5 in Dodging
  9445 | D:8      | Found a runed translucent gate.
  9445 | D:8      | Found a runed translucent gate.
  9451 | D:8      | Identified the +6 dagger "Killer Bee's Death" {venom, Int-2
                  | Dex+4}
  9451 | D:8      | Noticed Hehehe's ghost (novice DDFi)
  9494 | D:8      | Reached XP level 10. HP: 53/58 MP: 7/18
  9548 | D:8      | Found a runed translucent gate.
  9942 | D:8      | Found Quag's Island Escapes.
 10011 | D:8      | Found a glowing golden altar of the Shining One.
 10184 | D:9      | Noticed Psyche
 10187 | D:9      | Killed Psyche
 10187 | D:9      | Reached *** piety under Okawaru
 10188 | D:9      | Reached skill level 5 in Fighting
 10321 | D:9      | Reached skill level 11 in Air Magic
 10473 | D:9      | Found a staircase to the Lair.
 10504 | D:9      | Received a gift from Okawaru
 10632 | D:9      | Noticed a gargoyle
 10664 | D:9      | Killed a gargoyle
 10665 | D:9      | Reached skill level 5 in Invocations
 10713 | D:9      | Found an opulent altar of Gozag.
 10810 | D:9      | Reached **** piety under Okawaru
 11436 | D:9      | Got a slimy robe
 11504 | D:9      | Found a runed translucent door.
 11506 | D:9      | Identified the +6 spear of Eshaz {pain, rC+ rN+ Str-3
                  | Stlth+}
 11509 | D:9      | Noticed kaeus's ghost (novice OpMo)
 11584 | D:9      | Reached skill level 5 in Shields
 11971 | D:10     | Entered Level 10 of the Dungeon
 12034 | D:10     | Reached XP level 11. HP: 33/64 MP: 6/19
 12036 | D:10     | Noticed a two-headed ogre
 12816 | D:10     | Found a staircase to the Orcish Mines.
 13209 | D:10     | Killed a two-headed ogre
 13209 | D:10     | Reached ***** piety under Okawaru
 13444 | D:10     | Reached skill level 12 in Air Magic
 13654 | D:11     | Noticed a cyclops
 13857 | D:11     | Killed a cyclops
 13941 | D:11     | Paralysed by a big kobold for 2 turns
 14186 | D:11     | Noticed a two-headed ogre
 14191 | D:11     | Killed a two-headed ogre
 14395 | D:11     | Noticed a lindwurm
 14396 | D:11     | Noticed a lindwurm
 14396 | D:11     | Noticed a lindwurm
 14397 | D:11     | Noticed a lindwurm
 14408 | D:11     | Killed a lindwurm
 14556 | D:11     | Killed a lindwurm
 14557 | D:11     | Killed from afar by a lindwurm

Illustrated notes

Levels and vault maps discovered:
D:1:      mainiacjoe_arrival_reflecting_pool, layout_basic, minmay_tromino_v2
D:2:      layout_rooms, minivault_27
D:3:      layout_rooms, nicolae_ru_awakened_eye, uniq_robin
D:4:      old_forge, layout_basic, nicolae_qazlal_eye_of_the_storm,
          elyvilon_altar_4, minmay_temple_entry_nine_rooms, serial_shops,
          kennysheep_mini, xom_redecorated, uniq_menkaure, uniq_natasha
D:5:      layout_loops_cross, grunt_temple_overflow_magic_moments,
          nemelex_xobeh_ov_fountains_minmay, serial_shops,
          nicolae_shop_waterfront, minmay_misc_feat_tiny
D:6:      layout_rooms, nzn_hepliaklqana_mist_gate, serial_corexii_hall,
          chequers_hall_statues_corner_a, chequers_hall_statues_wall_a
D:7:      layout_loops_ring, marbit_many_paths,
          lemuel_mausoleum_altar_yredelemnul, eat_drink_and_be_merry_uskayaw,
          serial_shops, shop, nicolae_ossuary_entry_monument,
          uniq_crazy_yiuf_cottage
D:8:      layout_cave_pods, tso_oasis_becter, serial_shops, shop,
          gammafunk_ghost_nasty_kobolds, nicolae_island_escapes
D:9:      minmay_octagon_keep, layout_loops_corners, general_overflow_altar,
          erik_lair_island, ebering_ghost_funeral_grove, uniq_psyche
D:10:     layout_small_grid, kennysheep_orc_monster_closet_entryway,
          serial_bayou_lagoon_b
D:11:     layout_rooms, minmay_lindwurm_lava
Temple:   nicolae_temple_figure_zero

Skill      XL: |  1  2  3  4  5  6  7  8  9 10 11 |
---------------+----------------------------------+-----
Conjurations   | 2 3 4 5 6 7 |  7.0
Air Magic      | 5 6 7 9 10 11 12 | 12.0
Spellcasting   | 3 4 5 |  5.0
Fighting       | 2 4 6 7 |  7.3
Invocations    | 2 4 5 6 |  6.6
Dodging        | 3 5 7 8 |  8.3
Shields        | 3 5 6 |  6.6
Stealth        | |  2.0

Action                   |  1- 3 |  4- 6 |  7- 9 | 10-12 || total
-------------------------+-------+-------+-------+-------++-------
Melee: Dagger            |    20 |    27 |    13 |       ||    60
       Kick              |     4 |    12 |    47 |    44 ||   107
       Peck              |     3 |     4 |    23 |    19 ||    49
       Flail             |       |       |   129 |       ||   129
       Long sword        |       |       |    23 |   113 ||   136
 Cast: Shock             |    44 |    94 |    69 |     4 ||   211
       Static Discharge  |     1 |       |    14 |    19 ||    34
       Airstrike         |       |     1 |    93 |   134 ||   228
 Abil: Fly               |       |     1 |       |       ||     1
  Use: Scroll            |       |       |    13 |     1 ||    14
 Stab: Sleeping          |     2 |       |     2 |     2 ||     6
Armor: Robe              |     4 |     4 |     6 |       ||    14
       Swamp dragon scal |       |       |    90 |    64 ||   154
Dodge: Dodged            |    24 |    20 |   177 |   185 ||   406
       Rpst.: Long sword |       |       |    12 |    50 ||    62
